 Dungeon Crawl Stone Soup version 0.16-a0-4023-g001212b (webtiles) character file.

1721 PolkaDot the Summoner (level 8, -3/52 HPs)
             Began as a Vampire Summoner on Feb 18, 2015.
             Was an Initiate of Sif Muna.
             Slain by an orc warrior
             ... wielding a +0 dire flail
              (10 damage)
             ... on level 7 of the Dungeon.
             The game lasted 00:26:31 (6861 turns).

PolkaDot the Summoner (Vampire Summoner)            Turns: 6861, Time: 00:26:31

Health: -3/52      AC:  5    Str: 12    XL:     8   Next: 75%
Magic:  21/23      EV: 12    Int: 19    God:    Sif Muna [......]
Gold:   272        SH:  0    Dex: 14    Spells: 4 memorised, 2 levels left

rFire  . . .     SeeInvis +     s - +1 quarterstaff
rCold  . . .     Clarity  .     a - +0 robe
rNeg   . . .     SustAb   .     (no shield)
rPois  .         Gourm    .     d - +0 helmet
rElec  .         Spirit   .     j - +0 cloak
rCorr  .         Warding  .     g - +0 pair of gloves
rMut   .         Stasis   .     (no boots)
MR     .....                    (no amulet)
Stlth  ++........               (no ring)
                                n - ring of magical power

@: confused, mighty, regenerating very quickly, not resistant to hostile
enchantments, unstealthy
A: bottle blood, fangs 3, see invisible, unbreathing
a: Renounce Religion


You were on level 7 of the Dungeon.
You worshipped Sif Muna.
Sif Muna was noncommittal.
You were almost alive.

You visited 2 branches of the dungeon, and saw 8 of its levels.
You also visited: Sewer.

You collected 272 gold pieces.

Inventory:

Hand weapons
 s - a +1 quarterstaff (weapon)
Missiles
 l - 4 throwing nets (quivered)
Armour
 a - a +0 robe (worn)
 d - a +0 helmet (worn)
 g - a +0 pair of gloves (worn)
 j - a +0 cloak (worn)
Jewellery
 n - a ring of magical power (left hand)
Scrolls
 i - 2 scrolls of teleportation
 o - 3 scrolls of remove curse
 q - 3 scrolls of recharging
 r - a scroll of immolation
 u - a scroll of enchant armour {unknown}
 v - a scroll of enchant weapon
 x - a scroll of fog {unknown}
 y - a scroll of magic mapping
Potions
 c - 2 potions of cure mutation {!q}
 e - a potion of flight
 f - 14 potions of blood {@*1}
 h - 3 potions of curing
 k - a potion of heal wounds
 m - a potion of brilliance
 p - a potion of restore abilities
 t - a potion of berserk rage
Books
 b - a book of Callings

   Spells                             Type                      Level
   a - Summon Small Mammal            Summoning                    1
   b - Call Imp                       Summoning                    2
   c - Call Canine Familiar           Summoning                    3
   d - Summon Guardian Golem          Hexes/Summoning              4
   e - Summon Lightning Spire         Summoning/Air                4
   f - Summon Ice Beast               Ice/Summoning                4


   Skills:
   Level 4.0 Short Blades
 + Level 4.9 Staves
 - Level 2.1 Dodging
 - Level 6.4 Stealth
 - Level 2.6 Spellcasting
 + Level 8.2 Summonings
 * Level 2.0 Ice Magic


You had 2 spell levels left.
You knew the following spells:

 Your Spells              Type           Power        Failure   Level  Hunger
d - Call Canine Familiar  Summ           ####....     1%          3    ###....
i - Summon Ice Beast      Ice/Summ       ###.....     21%         4    ####...
s - Call Imp              Summ           ####....     1%          2    ##.....
z - Summon Small Mammal   Summ           ####         1%          1    None


Dungeon Overview and Level Annotations

Branches:
Dungeon (7/15)             Temple (1/1) D:7

Altars:
Ashenzari
Cheibriados
Dithmenos
Elyvilon
Fedhas
Gozag
Kikubaaqudgha
Makhleb
Okawaru
Qazlal
Sif Muna
Vehumet
Xom
Yredelemnul
Zin
The Shining One


Innate Abilities, Weirdness & Mutations

Your natural rate of healing is extremely fast.
You can bottle blood from corpses.
You have razor-sharp teeth.
You have supernaturally acute eyesight.
You can survive without breathing.


Message History

Your crimson imp misses the orc warrior.
Your ice beast hits the orc warrior.
Your ice beast freezes the orc warrior!
Your hound closely misses the orc warrior.
The orc warrior hits you with a dire flail!
* * * LOW HITPOINT WARNING * * *
Your hound bites the orc.
The orc closely misses your hound.
Your crimson imp completely misses the orc warrior.
Your ice beast completely misses the orc warrior.
What do you say? t - Shout!
Orders for allies: a - Attack new target. r - Retreat! s - Stop attacking. w - Wait here. f - Follow me.
Anything else - Stay silent.
Gang up on whom?
Press: ? - help, Dir - move target cursor, f - orc warrior
Aim: an orc warrior, wielding a dire flail and wearing a plate armour (heavily wounded) Attack!
Your hound closely misses the orc.
The orc warrior hits you with a dire flail!
You die...

. . ......#.###...
......# ######..###..
.......# ##.###..
......#.# #......
.......#.## #####..
..........# ######..
......Y5..## #.......
#......ohY..######.......
#......o@Y...............
#########5#.....##.......
#.# ##...)...... #5#
####....... ##.# #.......
#..# #....... ##.##
#....... #..# #.......
#.## ########


You could see an orc warrior, an orc, 3 friendly ice beasts, a friendly hound, 2
friendly crimson imps and a friendly white imp.

Vanquished Creatures
  A sky beast (D:7)
  A centaur (D:6)
  A big kobold (Sewer)
  4 giant frogs
  3 scorpions
  A jelly (D:6)
  4 hounds
  4 orc wizards
  2 worker ants (D:6)
  A worker ant zombie (D:6)
  Robin (D:4)
  A gnoll (D:6)
  2 river rats (Sewer)
  6 adders
  4 giant mites
  A shadow imp (D:6)
  2 worms (Sewer)
  An adder skeleton (D:4)
  5 giant geckos
  An ooze (Sewer)
  7 orcs
  4 bats
  A bat zombie (D:6)
  5 giant cockroaches
  12 goblins
  7 hobgoblins
  10 jackals
  3 ball pythons
  8 giant newts
  11 kobolds
  2 quokkas
  A quokka skeleton (D:6)
  A quokka zombie (D:5)
  17 rats
  A butterfly (D:7)
  A plant (D:5)
137 creatures vanquished.

Vanquished Creatures (collateral kills)
  An ice beast (D:6)
  A black bear (D:5)
  An ogre (D:7)
  3 big kobolds (Sewer)
  A giant frog (D:7)
  2 crimson imps (D:5)
  4 orc priests
  A worker ant (D:4)
  2 orc wizards
  A worker ant zombie (D:6)
  4 adders
  2 river rats (Sewer)
  6 gnolls
  4 worms
  A giant gecko (D:1)
  2 oozes (Sewer)
  7 orcs
  3 bats
  A bat skeleton (D:7)
  3 giant cockroaches
  7 hobgoblins
  8 kobolds
  A giant newt (D:1)
  7 goblins
  8 jackals
  A quokka skeleton (D:5)
  3 rats
  2 butterflies (D:7)
87 creatures vanquished.

Vanquished Creatures (others)
  4 hounds
  2 iron imps
  2 shadow imps (D:5)
  A bat (D:1)
  2 quokkas (D:1)
  2 rats (D:1)
13 creatures vanquished.

Grand Total: 237 creatures vanquished

Notes
Turn   | Place    | Note
--------------------------------------------------------------
     0 | D:1      | PolkaDot, the Vampire Summoner, began the quest for the Orb.
     0 | D:1      | Reached XP level 1. HP: 13/13 MP: 3/3
   280 | D:1      | Reached XP level 2. HP: 17/19 MP: 1/5
   636 | D:1      | Learned a level 2 spell: Call Imp
  1107 | D:2      | Reached XP level 3. HP: 21/24 MP: 1/6
  1591 | D:2      | Found a shimmering altar of Xom.
  1678 | D:2      | Learned a level 3 spell: Call Canine Familiar
  1687 | D:2      | Reached XP level 4. HP: 17/30 MP: 3/8
  1823 | D:2      | Reached skill level 1 in Short Blades
  2228 | D:3      | Found a glowing drain.
  2234 | D:3      | Reached skill level 5 in Summonings
  2270 | Sewer    | Entered a sewer
  2385 | Sewer    | Noticed a big kobold
  2400 | Sewer    | Killed a big kobold
  2400 | Sewer    | Reached XP level 5. HP: 35/35 MP: 7/9
  2545 | Sewer    | Noticed a big kobold
  2562 | Sewer    | Killed a big kobold
  2734 | Sewer    | Noticed a big kobold
  2758 | Sewer    | Killed a big kobold
  2758 | Sewer    | Reached XP level 6. HP: 38/41 MP: 11/11
  2764 | Sewer    | Learned a level 4 spell: Summon Ice Beast
  2787 | Sewer    | Noticed a big kobold
  2808 | Sewer    | Killed a big kobold
  2808 | Sewer    | Reached skill level 5 in Stealth
  2808 | Sewer    | Reached skill level 6 in Summonings
  3634 | D:4      | Noticed Robin
  3643 | D:4      | Found a snail-covered altar of Cheibriados.
  3665 | D:4      | Killed Robin
  3830 | D:4      | Found a radiant altar of Vehumet.
  3864 | D:5      | Entered Level 5 of the Dungeon
  3894 | D:5      | Found an iron altar of Okawaru.
  3959 | D:5      | Reached XP level 7. HP: 19/46 MP: 13/13
  4198 | D:5      | Reached skill level 7 in Summonings
  4300 | D:5      | Found a burning altar of Makhleb.
  4447 | D:5      | Reached skill level 1 in Staves
  4643 | D:5      | Found a glowing silver altar of Zin.
  4644 | D:5      | Noticed an angel
  4644 | D:5      | Noticed a balrug
  4672 | D:5      | Found a blossoming altar of Fedhas.
  5165 | D:6      | Found a stormy altar of Qazlal.
  5272 | D:6      | Reached XP level 8. HP: 38/52 MP: 14/14
  6385 | D:7      | Reached skill level 8 in Summonings
  6410 | D:7      | Found a staircase to the Ecumenical Temple.
  6421 | Temple   | Entered the Ecumenical Temple
  6515 | Temple   | Became a worshipper of Sif Muna the Loreminder
  6563 | D:7      | Reached skill level 1 in Ice Magic
  6655 | D:7      | Found a shattered altar of Ashenzari.
  6791 | D:7      | Found an ancient bone altar of Kikubaaqudgha.
  6861 | D:7      | Slain by an orc warrior

Action                   |  1- 3 |  4- 6 |  7- 9 || total
-------------------------+-------+-------+-------++-------
Melee: Unarmed           |   117 |       |       ||   117
       Short sword       |    81 |   239 |    40 ||   360
       Quarterstaff      |       |       |   224 ||   224
 Cast: Summon Small Mamm |    33 |       |       ||    33
       Call Imp          |    13 |    36 |    28 ||    77
       Call Canine Famil |     1 |    16 |    12 ||    29
       Summon Ice Beast  |       |       |     3 ||     3
  Use: Potion            |    10 |    24 |    28 ||    62
       Scroll            |       |    10 |     3 ||    13
 Stab: Sleeping          |     6 |     7 |    14 ||    27
       Distracted        |       |     3 |     2 ||     5
  Eat: Corpse            |     8 |       |       ||     8
